Map: Whirlwind LE (Void)

Players

Fropez - Winner!

  • Race: Protoss Protoss
  • League: Gold
  • Spawn Location: 1:00

Lukskalwaker

  • Race: Protoss Protoss
  • League: Gold
  • Spawn Location: 7:00

VOD

Have the link to the VOD?

Description

Time

  • Played on: Jan. 23, 2017, 8:10 p.m.
  • Length: 16:48
Show
View Real Time Build Order
Export as new Build Order

Fropez Protoss - Winner!

Build Orders:  

Get SALT Encoding   

  12  0:00  Probe (Chrono Boost)  
  13  0:11  Probe (Chrono Boost)  
  14  0:23  Pylon  
  14  0:30  Probe (Chrono Boost)  
  15  0:37  Assimilator  
  15  0:41  Probe (Chrono Boost)  
  16  0:51  Probe (Chrono Boost)  
  17  1:08  Nexus, Probe (Chrono Boost)  
  18  1:19  Probe (Chrono Boost)  
  18  1:25  Gateway  
  19  1:29  Probe (Chrono Boost)  
  21  1:40  Probe (Chrono Boost), Assimilator  
  21  1:50  Probe (Chrono Boost)  
  21  1:52  Pylon  
  22  2:01  Probe (Chrono Boost), Gateway  
  23  2:11  Pylon, Probe (Chrono Boost)  
  24  2:22  Probe (Chrono Boost)  
  25  2:25  Probe (Chrono Boost)  
  26  2:32  Probe (Chrono Boost)  
  27  2:38  Cybernetics Core  
  27  2:41  Probe (Chrono Boost)  
  28  2:47  Probe (Chrono Boost), Assimilator  
  29  2:58  Probe x2 (Chrono Boost)  
  31  3:07  Warp Gate  
  31  3:08  Probe (Chrono Boost)  
  31  3:10  Probe (Chrono Boost)  
  33  3:14  Adept x2  
  37  3:21  Probe (Chrono Boost)  
  37  3:23  Probe (Chrono Boost)  
  39  3:30  Pylon  
  39  3:32  Probe (Chrono Boost)  
  40  3:35  Probe (Chrono Boost)  
  40  3:41  Adept x2  
  42  3:43  Pylon  
  42  3:45  Probe (Chrono Boost)  
  45  3:49  Mothership Core (Chrono Boost)  
  45  3:50  Robotics Facility  
  48  3:57  Probe (Chrono Boost)  
  48  4:06  Assimilator  
  48  4:07  Probe (Chrono Boost)  
  48  4:09  Adept x2, Probe (Chrono Boost)  
  54  4:13  Gateway  
  54  4:18  Probe (Chrono Boost)  
  54  4:21  Probe (Chrono Boost)  
  56  4:28  Probe (Chrono Boost)  
  57  4:31  Nexus  
  57  4:35  Pylon  
  53  4:54  Probe (Chrono Boost)  
  53  4:55  Probe (Chrono Boost), Immortal  
  59  5:05  Probe (Chrono Boost)  
  60  5:11  Pylon  
  60  5:12  Probe (Chrono Boost)  
  61  5:16  Probe (Chrono Boost)  
  62  5:23  Robotics Facility  
  62  5:25  Robotics Bay  
  62  5:27  Probe (Chrono Boost)  
  64  5:29  Probe (Chrono Boost)  
  64  5:34  Pylon  
  64  5:35  Adept x3, Observer  
  70  5:38  Probe (Chrono Boost)  
  70  5:42  Pylon  
  72  5:47  Forge, Gateway  
  73  5:50  Probe (Chrono Boost), Forge  
  73  5:51  Probe (Chrono Boost), Immortal  
  73  5:56  Adept x2  
  82  6:04  Probe (Chrono Boost)  
  83  6:05  Probe (Chrono Boost)  
  84  6:11  Extended Thermal Lance  
  84  6:14  Probe (Chrono Boost)  
  84  6:16  Probe (Chrono Boost)  
  86  6:23  Pylon, Colossus  
  92  6:26  Protoss Ground Weapons Level 1, Protoss Ground Armor Level 1  
  92  6:28  Probe (Chrono Boost)  
  92  6:29  Probe (Chrono Boost)  
  92  6:30  Probe (Chrono Boost)  
  95  6:39  Pylon  
  95  6:40  Immortal  
  99  6:52  Assimilator  
  99  6:56  Assimilator  
  99  7:09  Pylon  
  99  7:10  Pylon  
  99  7:14  Pylon  
  99  7:17  Photon Cannon  
  99  7:20  Photon Cannon  
  105  7:22  Pylon  
  105  7:23  Adept x4  
  113  7:34  Pylon, Immortal  
  117  7:44  Gateway  
  117  7:46  Gateway  
  117  7:48  Stalker x3  
  117  8:02  Stalker  
  119  8:12  Twilight Council  
  119  8:14  Pylon  
  120  8:20  Probe (Chrono Boost), Stalker  
  120  8:22  Observer, Gateway  
  123  8:32  Blink  
  123  8:33  Protoss Ground Armor Level 2, Protoss Ground Weapons Level 2  
  123  8:45  Stalker x2  
  123  8:46  Stalker x2  
  131  8:49  Nexus  
  131  8:53  Assimilator  
  131  8:57  Assimilator  
  131  9:01  Warp Prism, Pylon  
  133  9:04  Pylon  
  133  9:13  Gateway  
  133  9:16  Gateway  
  133  9:22  Pylon  
  133  9:23  Stalker x4  
  133  9:24  Pylon, Stalker  
  143  9:52  Stalker x5  
  153  10:10  Probe x3 (Chrono Boost)  
  156  10:23  Gateway  
  156  10:26  Gateway  
  156  10:27  Gateway  
  156  10:30  Gateway  
  156  10:32  Templar Archives  
  156  10:33  Pylon  
  156  10:35  Dark Shrine  
  156  10:36  Pylon, Gateway  
  156  10:38  Pylon, Gateway  
  156  10:40  Pylon, Probe (Chrono Boost)  
  156  10:41  Stalker  
  156  10:42  Pylon, Stalker x5  
  169  10:44  Protoss Ground Weapons Level 3, Protoss Ground Armor Level 3  
  167  11:01  Stalker x2  
  171  11:10  Stalker x2  
  174  11:22  Pylon  
  174  11:30  Warp Prism  
  176  11:48  Pylon  
  176  11:51  Pylon  
  176  11:59  Stalker x3  
  182  12:03  Nexus  
  182  12:07  Assimilator  
  182  12:11  Assimilator  
  182  12:13  Pylon  
  183  12:15  Observer  
  183  12:16  Pylon  
  183  12:19  Pylon  
  183  12:23  Pylon  
  183  12:27  Pylon  
  183  12:30  Stalker x5  
  183  12:31  Stalker x3  
  199  12:45  Observer  
  200  13:06  Protoss Shields Level 1  
  200  13:21  Nexus  
  200  13:24  Assimilator  
  198  13:28  Assimilator  
  198  13:30  Pylon  
  198  13:33  Pylon  
  198  13:40  Stalker  
  200  13:51  Nexus  
  200  13:54  Assimilator  
  200  13:59  Assimilator  
  198  14:20  Pylon  
  198  14:24  Pylon  
  198  14:27  Pylon  
  198  14:30  Pylon  
  198  14:34  Pylon  
  198  14:36  Gateway  
  198  14:38  Gateway  
  198  14:41  Gateway  
  198  14:43  Gateway  
  198  14:46  Pylon  
  198  14:49  Pylon  
  198  14:57  Gateway  
  198  14:58  Gateway  
  198  15:00  Gateway  
  198  15:02  Gateway  
  198  15:05  Gateway  
  188  15:30  Stalker x6  
  182  15:52  Stalker x4  
  182  15:53  Stalker x6  
  182  15:54  Stalker  
  184  16:04  Stalker x2  
  184  16:05  Stalker  
  156  16:31  Stalker x4  
  156  16:32  Stalker x4  
Show
View Real Time Build Order
Export as new Build Order

Lukskalwaker Protoss 

Build Orders:  

Get SALT Encoding   

  12  0:05  Probe (Chrono Boost)  
  13  0:16  Probe (Chrono Boost)  
  14  0:27  Probe (Chrono Boost)  
  15  0:35  Assimilator  
  15  0:40  Pylon  
  15  0:51  Pylon  
  15  0:58  Probe (Chrono Boost)  
  16  1:08  Probe (Chrono Boost)  
  17  1:18  Forge  
  17  1:19  Probe (Chrono Boost)  
  17  1:25  Gateway  
  18  1:29  Gateway  
  18  1:36  Probe (Chrono Boost)  
  19  1:46  Probe (Chrono Boost)  
  20  1:57  Probe (Chrono Boost)  
  21  2:06  Photon Cannon  
  21  2:08  Probe (Chrono Boost)  
  22  2:11  Photon Cannon  
  22  2:15  Photon Cannon  
  22  2:19  Zealot  
  24  2:24  Zealot  
  26  2:47  Zealot  
  30  2:51  Zealot  
  30  3:00  Cybernetics Core  
  30  3:17  Probe (Chrono Boost)  
  30  3:18  Pylon  
  31  3:36  Zealot x2  
  35  3:43  Probe (Chrono Boost), Stargate  
  36  3:51  Stargate  
  36  3:53  Probe (Chrono Boost)  
  37  4:00  Assimilator  
  37  4:04  Probe (Chrono Boost)  
  38  4:22  Pylon  
  38  4:28  Nexus  
  38  4:37  Pylon  
  38  5:09  Sentry  
  38  5:11  Sentry  
  42  5:17  Assimilator  
  42  5:34  Probe (Chrono Boost)  
  43  5:37  Sentry  
  45  5:45  Probe (Chrono Boost)  
  45  5:47  Probe (Chrono Boost)  
  47  5:55  Probe (Chrono Boost)  
  48  5:57  Probe (Chrono Boost), Photon Cannon  
  48  5:59  Photon Cannon  
  49  6:05  Pylon  
  49  6:06  Probe (Chrono Boost)  
  49  6:08  Probe (Chrono Boost)  
  51  6:16  Probe (Chrono Boost)  
  51  6:18  Warp Gate, Robotics Facility  
  52  6:21  Void Ray  
  56  6:29  Photon Cannon  
  56  6:44  Probe (Chrono Boost)  
  57  6:54  Probe (Chrono Boost)  
  58  7:05  Probe (Chrono Boost)  
  59  7:12  Observer  
  59  7:15  Void Ray, Probe (Chrono Boost)  
  65  7:26  Probe (Chrono Boost)  
  66  7:33  Observer  
  66  7:34  Gateway  
  66  7:36  Gateway  
  67  7:42  Gateway  
  67  7:58  Void Ray  
  71  8:12  Void Ray  
  75  8:23  Pylon  
  75  8:34  Pylon  
  75  8:38  Probe (Chrono Boost)  
  75  8:41  Void Ray  
  80  8:44  Zealot  
  80  8:47  Zealot  
  85  8:48  Probe (Chrono Boost)  
  85  8:59  Probe (Chrono Boost)  
  85  9:01  Pylon  
  86  9:03  Void Ray  
  86  9:09  Probe (Chrono Boost)  
  91  9:20  Probe (Chrono Boost)  
  91  9:22  Sentry  
  91  9:23  Void Ray, Assimilator  
  98  9:27  Zealot  
  98  9:30  Probe (Chrono Boost)  
  101  9:37  Observer  
  102  10:03  Pylon  
  102  10:06  Pylon  
  102  10:08  Pylon  
  102  10:21  Void Ray, Probe (Chrono Boost)  
  102  10:24  Void Ray  
  111  10:29  Zealot  
  111  10:31  Zealot  
  111  10:32  Zealot  
  111  10:33  Zealot  
  111  10:35  Zealot  
  121  11:22  Void Ray  
  125  11:29  Protoss Air Armor Level 1  
  125  11:37  Observer  
  126  11:50  Pylon  
  126  11:54  Pylon  
  126  11:56  Pylon  
  126  12:08  Void Ray x2  
  134  12:50  Void Ray x2  
  142  13:33  Void Ray x2  
  130  14:16  Void Ray x2  
  118  14:41  Zealot  
  118  14:42  Zealot  
  122  14:57  Zealot  
  122  14:59  Void Ray x2  
  126  15:42  Void Ray x2  
  121  15:57  Zealot  
  121  15:58  Zealot  
  121  16:00  Zealot  
  121  16:01  Zealot  
  105  16:12  Zealot  
Tags
 
League
GoldGold
Matchup
PvP
Replay Pack
All Mines
Spawn Locations
Cross Positions
Add a new tag
Caveats
  • Supply blocks, unpowered buildings, or Contaminate may cause inaccurate times.
  • Supply counts are checked every 10 seconds.